 Dungeon Crawl Stone Soup version 0.16.1-16-gc44b35d (webtiles) character file.

96 EmilioHeskey the Poker (level 4, -3/34 HPs)
             Began as a Demonspawn Gladiator on Apr 15, 2015.
             Killed from afar by Natasha (8 damage)
             ... with a magic dart
             ... on level 3 of the Dungeon.
             The game lasted 00:06:38 (3201 turns).

EmilioHeskey the Poker (Demonspawn Gladiator)       Turns: 3201, Time: 00:06:38

Health: -3/34      AC:  7    Str: 16    XL:     4   Next: 41%
Magic:  4/4        EV:  7    Int: 10    God:
Gold:   99         SH:  7    Dex: 13    Spells: 0 memorised, 3 levels left

rFire  . . .     SeeInvis .     a - +0 trident
rCold  + . .     Clarity  .     i - +0 scale mail
rNeg   . . .     SustAb   .     j - +0 shield
rPois  .         Gourm    .     c - +0 helmet
rElec  .         Spirit   .     (no cloak)
rCorr  .         Warding  .     (no gloves)
rMut   .         Stasis   .     (no boots)
MR     .....                    (no amulet)
Stlth  ..........               (no ring)
                                (no ring)

@: not resistant to hostile enchantments, extremely unstealthy
A: hooves 1, cold resistance 1
a: no special abilities


You were on level 3 of the Dungeon.
You were very hungry.

You visited 1 branch of the dungeon, and saw 3 of its levels.

You collected 99 gold pieces.

Inventory:

Hand weapons
 a - a +0 trident (weapon)
Missiles
 d - 3 throwing nets (quivered)
Armour
 c - a +0 helmet (worn)
 i - a +0 scale mail (worn)
 j - a +0 shield (worn)
Scrolls
 e - 3 scrolls of remove curse
 f - 3 scrolls of identify
 n - a scroll of enchant armour
Comestibles
 g - a royal jelly
 h - 2 bread rations
 l - a slice of pizza


   Skills:
 + Level 2.4 Fighting
 + Level 3.3 Polearms
 - Level 1.7 Throwing
 * Level 2.5 Armour
 + Level 2.8 Dodging
 + Level 0.3 Shields


You had 3 spell levels left.
You didn't know any spells.

Dungeon Overview and Level Annotations

Branches:
Dungeon (3/15)

Altars:
Cheibriados
Dithmenos
Elyvilon
Okawaru
The Shining One

Annotations:
D:3 Natasha


Innate Abilities, Weirdness & Mutations

You have large cloven feet.
Your flesh is cold resistant.


Message History

Okay, then.
You hit the iron imp but do no damage. Your kick misses the iron imp.
The iron imp barely misses you.
Natasha stares at you and mumbles some strange words.
The magic dart hits you!
* * * LOW HITPOINT WARNING * * *
You hit the iron imp.
The iron imp is moderately wounded.
You block the iron imp's attack. Natasha barely misses you.
Your scale mail prevents you from hitting the iron imp.
You kick the iron imp, but do no damage.
The iron imp is moderately wounded.
The iron imp hits you.
* * * LOW HITPOINT WARNING * * *
You block Natasha's attack.
You closely miss the iron imp.
The iron imp is moderately wounded.
Natasha casts a spell at you. The magic dart hits you!
You die...

.....##+#.........#
.... #...........#
#### ##..........#
#..#+############
##.#.# .......
#...# ....... ##..#
.......
#..######........
##>5@hg.'........
########........
[...... ..5....
.....g. ......
#####


You could see an iron imp, Natasha (inner flame) and a hobgoblin (inner flame).

Vanquished Creatures
  5 adders
  A giant mite (D:3)
  3 giant geckos
  An ooze (D:1)
  7 bats
  5 hobgoblins
  3 kobolds
  2 quokkas
  4 giant cockroaches
  2 giant newts (D:1)
  7 goblins
  5 rats
45 creatures vanquished.

Notes
Turn   | Place    | Note
--------------------------------------------------------------
     0 | D:1      | EmilioHeskey, the Demonspawn Gladiator, began the quest for the Orb.
     0 | D:1      | Reached XP level 1. HP: 16/16 MP: 1/1
   356 | D:1      | Gained mutation: You have large cloven feet. [demonic ancestry]
   356 | D:1      | Reached XP level 2. HP: 19/22 MP: 2/2
   386 | D:1      | Reached skill level 1 in Armour
   779 | D:1      | Reached skill level 3 in Polearms
  1265 | D:2      | Gained mutation: Your flesh is cold resistant. [demonic ancestry]
  1265 | D:2      | Reached XP level 3. HP: 15/27 MP: 3/3
  1998 | D:2      | HP: 1/27 [poisoned by an adder]
  2540 | D:2      | Found a glowing golden altar of the Shining One.
  2540 | D:2      | Found an iron altar of Okawaru.
  2584 | D:2      | Found a snail-covered altar of Cheibriados.
  2844 | D:2      | Reached XP level 4. HP: 31/33 MP: 4/4
  3052 | D:3      | Found a shadowy altar of Dithmenos.
  3125 | D:3      | Found a white marble altar of Elyvilon.
  3177 | D:3      | Noticed Natasha
  3201 | D:3      | Killed from afar by Natasha

Action                   |  1- 3 |  4- 6 || total
-------------------------+-------+-------++-------
Melee: Trident           |   179 |    46 ||   225
  Use: Potion            |     6 |       ||     6
       Scroll            |     3 |     1 ||     4
  Eat: Chunk             |     1 |     1 ||     2
       Bread ration      |     1 |       ||     1
